 Dungeon Crawl Stone Soup version 0.30-a0-377-g5cb311bc9f (webtiles) character file.

Game seed: 9172765954351844069

18029 lesbiats the Grappler (level 12, -5/122 HPs)
             Began as a Troll Fighter on Dec 1, 2022.
             Was a High Priest of Wu Jian.
             Slain by an eight-headed hydra (7 damage)
             ... on level 2 of the Lair of Beasts.
             The game lasted 01:05:27 (12807 turns).

lesbiats the Grappler (Troll Fighter)              Turns: 12807, Time: 01:05:28

Health: -5/122     AC:  7    Str: 27    XL:     12   Next: 24%
Magic:  0/20       EV:  9    Int:  8    God:    Wu Jian [*****.]
Gold:   644        SH: 14    Dex:  9    Spells: 11/11 levels left

rFire   + . .      SeeInvis .      - Unarmed
rCold   + . .      Faith    .    C - +0 tower shield
rNeg    + . .      Spirit   +    A - +0 steam dragon scales
rPois   .          Reflect  .    (helmet restricted)
rElec   .          Harm     .    x - scarf {rC+ rF+}
rCorr   .          Rampage  .    (gloves unavailable)
Will    .....                    (boots unavailable)
Stlth   +.........               O - amulet of guardian spirit
HPRegen 1.20/turn                K - ring of positive energy
MPRegen 0.17/turn                N - ring of magical power

@: hasted, very quick
A: large, unfitting armour, claws 3, regeneration 1, shaggy fur 1, tough skin 1
a: Renounce Religion, Wall Jump, Serpent's Lash, Heavenly Storm


You were on level 2 of the Lair of Beasts.
You worshipped Wu Jian.
Wu Jian was extremely pleased with you.
You visited 3 branches of the dungeon, and saw 12 of its levels.
You also visited: Sewer.

You collected 644 gold pieces.

Inventory:

Missiles
 i - 7 boomerangs (quivered)
 l - 3 large rocks
 m - 4 datura-tipped darts
 p - a throwing net
 s - 10 poisoned darts
Armour
 b - a +0 robe of resistance
 x - a scarf of resistance (worn)
 z - a +2 cloak
 A - +0 steam dragon scales (worn)
 C - a +0 tower shield (worn)
Jewellery
 f - an amulet of the acrobat
 D - an amulet of regeneration
 K - a ring of positive energy (left claw)
 N - a ring of magical power (right claw)
 O - an amulet of guardian spirit (around neck)
Wands
 u - a wand of mindburst (11)
 H - a wand of charming (20)
 I - a wand of roots (22)
 Q - a wand of flame (14)
Scrolls
 a - 3 scrolls of poison
 g - 3 scrolls of amnesia
 j - a scroll of enchant weapon
 k - a scroll of immolation
 o - 2 scrolls of teleportation
 w - a scroll of blinking
 y - a scroll of noise {unknown}
 F - 4 scrolls of brand weapon
 G - a scroll of butterflies
 L - 2 scrolls of vulnerability {unknown}
Potions
 c - 4 potions of might
 d - 3 potions of resistance
 e - 4 potions of flight
 h - 3 potions of lignification
 n - 2 potions of brilliance
 q - 7 potions of attraction
 t - a potion of berserk rage
 v - a potion of cancellation
 B - 2 potions of mutation
 E - a potion of degeneration


   Skills:
 + Level 8.5 Fighting
 - Level 6.0 Dodging
 + Level 9.4 Shields
 * Level 13.7 Unarmed Combat


You had 11 spell levels left.
You didn't know any spells.
Your spell library contained the following spells:

 Spells                   Type           Power      Damage    Failure   Level
 Apportation              Tloc           0%         N/A       88%         1
 Magic Dart               Conj           0%         1d3       88%         1
 Necrotise                Necr           0%         1d4       88%         1
 Slow                     Hex            0%         N/A       88%         1
 Summon Small Mammal      Summ           0%         N/A       88%         1
 Call Imp                 Summ           0%         N/A       95%         2
 Static Discharge         Conj/Air       0%         2-2/arc   95%         2
 Confusing Touch          Hex            0%         N/A       99%         3
 Mephitic Cloud           Conj/Pois/Air  0%         N/A       99%         3
 Vampiric Draining        Necr           0%         2d6       99%         3
 Vhi's Electric Charge    Tloc/Air       0%         N/A       99%         3
 Arcjolt                  Conj/Air       0%         1d10      100%        5
 Lightning Bolt           Conj/Air       0%         1d11      100%        5


Dungeon Overview and Level Annotations

Branches:
Dungeon (9/15)             Temple (1/1) D:4            Lair (2/5) D:9
  Sewer (visited)
  Swamp: Lair:2-3    Shoals: Lair:2-3     Snake: Lair:2-3    Spider: Lair:2-3
    Orc: D:9-12

Altars:
Ashenzari
Cheibriados
Dithmenos
Elyvilon
Fedhas
Gozag
Hepliaklqana
Kikubaaqudgha
Makhleb
Nemelex Xobeh
Okawaru
Qazlal
Ru
Sif Muna
Trog
Uskayaw
Vehumet
Wu Jian
Xom
Yredelemnul
Zin
The Shining One

Shops:
D:5 (

Annotations:
D:6 3 runed translucent doors, bande's ghost, novice GrFi
D:7 1 runed translucent door, pdpol's ghost, novice NaFE
D:8 1 runed translucent door, Lobster4's ghost, novice DECj


Innate Abilities, Weirdness & Mutations

You are too large for most types of armour.
You have claws for hands.
Your natural rate of healing is unusually fast.
You are covered in fur. (AC +1)
You have tough skin. (AC +1)


Message History

You completely miss the eight-headed hydra.
The eight-headed hydra is almost dead.
You block the eight-headed hydra's attack.
The eight-headed hydra bites you. The eight-headed hydra bites you!
You block the eight-headed hydra's attack.
The eight-headed hydra completely misses you.
You block the eight-headed hydra's attack. x2
The eight-headed hydra bites you!
Unknown command.
You completely miss the eight-headed hydra.
The eight-headed hydra is almost dead.
You block the eight-headed hydra's attack.
The eight-headed hydra completely misses you.
The eight-headed hydra bites you but does no damage.
The eight-headed hydra bites you.
* * * LOW HITPOINT WARNING * * *
The eight-headed hydra bites you.
* * * LOW HITPOINT WARNING * * *
You block the eight-headed hydra's attack.
The eight-headed hydra bites you.
* * * LOW HITPOINT WARNING * * *
The eight-headed hydra bites you!
* * * LOW HITPOINT WARNING * * *
You feel better. The eight-headed hydra bites you.
* * * LOW HITPOINT WARNING * * *
The eight-headed hydra bites you.
* * * LOW HITPOINT WARNING * * *
The eight-headed hydra barely misses you.
The eight-headed hydra bites you!
* * * LOW HITPOINT WARNING * * *
The eight-headed hydra bites you!
* * * LOW HITPOINT WARNING * * *
You block the eight-headed hydra's attack. x2
The eight-headed hydra bites you but does no damage.
You feel yourself speed up.
You block the eight-headed hydra's attack.
The eight-headed hydra bites you!
* * * LOW HITPOINT WARNING * * *
The eight-headed hydra bites you!
You die...

...............#
...............#
..............(##
..........#.....#
..........#.....#
.........##....##
...............##
.........##....P####
.........#......@..#
.........#♣....##D.###
....♣..♣.♣♣♣♣..♣#♣...#
...♣♣♣♣♣♣♣ ♣.♣♣♣♣♣.##
...♣ ♣♣♣♣♣.♣.## ..♣♣
♣♣.♣≈....# ..♣
♣♣..D~....# .#♣
♣...≈~~♣♣## ♣♣
♣..~~~~♣


You could see an eight-headed hydra.

Vanquished Creatures
  A two-headed ogre (D:9)
  A boulder beetle (Lair:1)
  A lindwurm (Lair:2)
  A torpor snail (Lair:2)
  Maurice (D:8)
  3 komodo dragons
  4 cane toads (Lair:1)
  3 rime drakes (Lair:1)
  7 blink frogs
  7 dream sheep (Lair:1)
  A shadow (D:7)
  19 yaks
  3 spriggans (Lair:1)
  Sigmund (D:6)
  Grum (Lair:1)
  5 wyverns
  A steam dragon (D:9)
  4 basilisks
  9 water moccasins
  2 orc warriors
  A sky beast (D:7)
  3 black bears
  An ogre (D:5)
  7 wolves (Lair:1)
  3 centaurs
  A phantom (D:4)
  Blork the orc (D:4)
  11 bullfrogs
  A gnoll sergeant (D:3)
  2 scorpions
  9 wights
  13 killer bees (D:8)
  3 howler monkeys
  A hound (D:5)
  Crazy Yiuf (D:4)
  3 orc priests
  3 jellies
  Terence (D:3)
  Natasha (thrice) (D:3)
  5 iguanas
  5 orc wizards
  Robin (D:4)
  10 gnolls
  14 adders
  5 river rats
  A shadow imp (D:7)
  A white imp (D:7)
  2 ufetubi (D:6)
  A dart slug (D:4)
  21 orcs
  23 ball pythons
  8 endoplasms
  2 giant cockroaches
  14 goblins
  12 hobgoblins
  2 jackals (D:1)
  4 quokkas
  8 bats
  2 frilled lizards
  10 kobolds
  25 rats
319 creatures vanquished.

Vanquished Creatures (others)
  3 bushes (D:9)
  7 fungi
  31 plants
  2 withered plants (D:7)
43 creatures vanquished.

Grand Total: 362 creatures vanquished

Notes
Turn   | Place    | Note
-------+----------+-------------------------------------------
     0 | D:1      | lesbiats the Troll Fighter began the quest for the Orb.
     0 | D:1      | Reached XP level 1. HP: 22/22 MP: 0/0
   136 | D:1      | Reached XP level 2. HP: 29/29 MP: 1/1
   240 | D:1      | Reached XP level 3. HP: 36/36 MP: 2/2
   639 | D:2      | Found a faded altar of an unknown god.
  1447 | D:3      | Reached skill level 3 in Unarmed Combat
  1465 | D:3      | Reached XP level 4. HP: 44/44 MP: 3/3
  1665 | D:3      | Noticed Natasha
  1669 | D:3      | Killed Natasha
  1745 | D:3      | Noticed Terence
  1756 | D:3      | Killed Terence
  1764 | D:3      | Reached XP level 5. HP: 53/53 MP: 4/4
  1999 | D:3      | Noticed Natasha
  2007 | D:3      | Killed Natasha
  2030 | D:3      | Noticed Natasha
  2034 | D:3      | Killed Natasha
  2212 | D:3      | Identified the +0 ring mail "Netur" {Str+7 Dex-4 Slay+3}
  2318 | D:4      | Found a staircase to the Ecumenical Temple.
  2318 | D:4      | Noticed a phantom
  2453 | D:4      | Noticed a black bear
  2455 | D:4      | Reached skill level 4 in Unarmed Combat
  2467 | D:3      | Killed a black bear
  2468 | D:3      | Reached XP level 6. HP: 42/61 MP: 5/5
  2675 | Temple   | Entered the Ecumenical Temple
  2857 | Temple   | Became a worshipper of the Wu Jian Council
  3025 | D:3      | HP: 1/61 [gnoll/+0 flail[a gnoll sergeant] (6)]
  3126 | D:3      | Reached skill level 5 in Unarmed Combat
  3126 | D:3      | Reached XP level 7. HP: 67/67 MP: 6/6
  3454 | D:4      | Noticed Robin
  3638 | D:4      | Killed Robin
  3641 | D:4      | Reached * piety under Wu Jian
  3755 | D:4      | Noticed Blork the orc
  3768 | D:4      | Killed Blork the orc
  3874 | D:4      | Found a runed translucent door.
  3875 | D:4      | Noticed Crazy Yiuf
  4006 | D:4      | Killed Crazy Yiuf
  4115 | D:5      | Entered Level 5 of the Dungeon
  4151 | D:5      | Found Ceah's Weapon Boutique.
  4224 | D:5      | Found a snail-covered altar of Cheibriados.
  4379 | D:5      | You fall into a shaft and drop 3 floors!
  4465 | D:6      | Found a basalt altar of Yredelemnul.
  4474 | D:6      | Reached skill level 6 in Unarmed Combat
  4492 | D:6      | Found a runed translucent gate.
  4492 | D:6      | Found a runed translucent gate.
  4493 | D:6      | Found a runed translucent gate.
  4494 | D:6      | Found an opulent altar of Gozag.
  4494 | D:6      | Noticed a troll
  4494 | D:6      | Noticed bande's ghost (novice GrFi)
  4516 | D:6      | Reached XP level 8. HP: 75/78 MP: 7/7
  4619 | D:6      | Noticed Sigmund
  4630 | D:5      | Found an iron altar of Okawaru.
  4744 | D:6      | Reached skill level 5 in Shields
  4808 | D:6      | Reached skill level 7 in Unarmed Combat
  4924 | D:6      | Reached ** piety under Wu Jian
  4926 | D:6      | Found a glowing drain.
  4931 | Sewer    | Entered a sewer
  5130 | Sewer    | Reached *** piety under Wu Jian
  5692 | D:5      | Reached skill level 5 in Dodging
  5692 | D:5      | Reached XP level 9. HP: 79/87 MP: 8/8
  5859 | D:6      | Killed Sigmund
  5860 | D:6      | Reached skill level 5 in Fighting
  5995 | D:6      | Reached skill level 8 in Unarmed Combat
  6313 | D:7      | Found a runed translucent door.
  6313 | D:7      | Noticed pdpol's ghost (novice NaFE)
  6609 | D:7      | Found a bloodstained altar of Trog.
  6909 | D:7      | Found a broken altar of Ashenzari.
  7726 | D:8      | Found a runed translucent door.
  7726 | D:8      | Noticed Lobster4's ghost (novice DECj)
  7730 | D:8      | Identified the +3 trident "Misketax" {flame, Int+4}
  7817 | D:8      | Noticed Maurice
  7850 | D:8      | Reached **** piety under Wu Jian
  8057 | D:8      | Reached skill level 9 in Unarmed Combat
  8169 | D:8      | Killed Maurice
  8653 | D:9      | Reached XP level 10. HP: 98/98 MP: 9/9
  8963 | D:9      | Noticed a two-headed ogre
  9237 | D:8      | Reached skill level 10 in Unarmed Combat
 10271 | D:8      | Reached skill level 11 in Unarmed Combat
 10468 | D:9      | Found a staircase to the Lair.
 10566 | D:9      | Killed a two-headed ogre
 10567 | D:9      | Reached XP level 11. HP: 109/109 MP: 10/10
 10888 | Lair:1   | Entered Level 1 of the Lair of Beasts
 10980 | Lair:1   | Noticed a boulder beetle
 11000 | Lair:1   | Killed a boulder beetle
 11284 | Lair:1   | Reached skill level 12 in Unarmed Combat
 11307 | Lair:1   | Noticed Grum
 11318 | Lair:1   | Killed Grum
 11361 | Lair:1   | Reached ***** piety under Wu Jian
 11572 | Lair:1   | Reached skill level 13 in Unarmed Combat
 12315 | Lair:2   | Reached XP level 12. HP: 120/120 MP: 11/11
 12788 | Lair:2   | Noticed a four-headed hydra
 12807 | Lair:2   | HP: 2/122 [eight-headed hydra (10)]
 12807 | Lair:2   | Slain by an eight-headed hydra

Illustrated notes

Levels and vault maps discovered:
D:1:      amcnicky_arrival_single_pillar, layout_loops_cross, minmay_hexomino_c4
D:2:      layout_loops_corners, shapermc_ecumenical_altar_petra
D:3:      layout_basic, uniq_terence, uniq_natasha
D:4:      layout_cave_pools, minmay_temple_entry_proselytizer,
          amethyst_killhole, uniq_blork_the_orc, uniq_robin,
          uniq_crazy_yiuf_cottage
D:5:      layout_loops_ring, nicolae_overflow_hidden_temple,
          mainiacjoe_overflow_cross_hatched, serial_shops,
          nicolae_shop_bloodbath_and_beyond, minmay_misc_feat_secret_circle,
          minmay_crossroads
D:6:      layout_loops_cross, mainiacjoe_overflow_catwalk, ebering_ghost_gozag,
          gup_sewer_entry_spiral, uniq_sigmund
D:7:      wander_river, layout_basic, marbit_many_paths, bloody_trog,
          gammafunk_ghost_grave
D:8:      layout_cave_pods, ebering_ghost_funeral_grove, uniq_maurice
D:9:      layout_cave_pools, minmay_lair_entry_grove, grunt_ministairs_14
Temple:   bh_familiar_temple
Lair:1:   layout_cave_pods, wad_woods_02, uniq_grum
Lair:2:   layout_long_grid, palyth_hydra_swamp_entry, lemuel_fruit_tree

Skill      XL: |  1  2  3  4  5  6  7  8  9 10 11 |
---------------+----------------------------------+-----
Shields        | 3 4 5 6 7 9 |  9.4
Unarmed Combat | 3 4 5 6 7 9 11 13 | 13.7
Fighting       | 3 4 5 7 8 |  8.5
Dodging        | 3 4 5 6 |  6.0

Action                   |  1- 3 |  4- 6 |  7- 9 | 10-12 || total
-------------------------+-------+-------+-------+-------++-------
Melee: Unarmed           |    78 |   136 |   418 |   419 ||  1051
Throw: Boomerang         |       |       |     6 |     4 ||    10
       Dart              |       |       |     6 |     1 ||     7
       Large rock        |       |       |     6 |     9 ||    15
Invok: Lunge             |       |     3 |    25 |    18 ||    46
       Whirlwind         |       |       |    60 |    71 ||   131
 Abil: Wall Jump         |       |       |     1 |       ||     1
Evoke: Wand              |       |       |       |     3 ||     3
  Use: Scroll            |     3 |     1 |    17 |     8 ||    29
       Potion            |       |       |     1 |     4 ||     5
 Stab: Sleeping          |       |     1 |       |       ||     1
       Invisible         |       |       |     2 |       ||     2
Armor: Robe              |    22 |    39 |    74 |    37 ||   172
       Steam dragon scal |       |       |       |    24 ||    24
Dodge: Dodged            |    25 |    51 |   180 |   125 ||   381
Block: Kite shield       |    23 |    73 |   116 |       ||   212
       Tower shield      |       |       |    87 |   294 ||   381

Table legend: (Time is in decaauts)
 A = Elapsed time spent in this place.
 B = Non-inter-level travel time spent in this place.
 C = Inter-level travel time spent in this place.
 D = Time resting spent in this place.
 E = Time spent auto-exploring this place.
 F = Levels seen in this place.
 G = Mean time per level.
                   A        B        C        D        E       F      G
               +--------+--------+--------+--------+--------+-----+--------+
         Total |  13023 |  11149 |   1874 |   1974 |   5848 |  13 | 1001.8 |
       Dungeon |  10539 |   8864 |   1675 |   1748 |   4557 |   9 | 1171.0 |
        Temple |    196 |    160 |     36 |      0 |    156 |   1 |  196.0 |
          Lair |   1930 |   1767 |    163 |    195 |   1034 |   2 |  965.0 |
         Sewer |    356 |    356 |      0 |     31 |    100 |   1 |  356.0 |
               +--------+--------+--------+--------+--------+-----+--------+

Top non-repeatable levels by time:
     D:8: 2670 daAuts
     D:3: 1678 daAuts
  Lair:1: 1393 daAuts
     D:6: 1163 daAuts
     D:7: 1104 daAuts
     D:5: 1003 daAuts
     D:2: 887 daAuts
     D:4: 856 daAuts
     D:9: 649 daAuts
  Lair:2: 537 daAuts
     D:1: 525 daAuts
   Sewer: 356 daAuts
  Temple: 196 daAuts
